Workbook
Name BUDGETADEOTI: Tableau7[LIGNES BUDGETAIRES]
Name MOIS: Tableau3[MOIS]
Name Segment_MOIS1: #N/A

Sheet LISTE
D2: MOIS
B3: LIGNES BUDGETAIRES | D3: Janvier
B4: Assurance véhicules | D4: Février
B5: Autres Honoraires/Rémunérations | D5: Mars
B6: Avances | D6: Avril
B7: Billets d'avion | D7: Mai
B8: Carburant groupe électrogène Bureau | D8: Juin
B9: Casier judiciaire | D9: Juillet
B10: Caution sur loyer | D10: Août
B11: Charges salariales | D11: Septembre
B12: Dotation carburant voiture Mr AMINE | D12: Octobre
B13: Dotation carburant voiture Mr EVINA | D13: Novembre
B14: Dotation carburant voiture Mr Jean Bosco | D14: Décembre
B15: Dotation carburant voiture Mr Kévin
B16: Dotation carburant voiture Mr Pascal
B17: Dotation carburant voiture Mr TOURE
B18: Dotation Internet
B19: Droits d'enregistrement des Contrats
B20: Entretien des Véhicules
B21: Entretien Groupe electrogène Bureau (21 - 100 kva)
B22: Entretien réparation et maintenance divers
B23: Equipement Bureau/chantier
B24: Equipement informatique
B25: Equipement logements
B26: Fournitures de bureau et Consommables
... B82: Véhicule Directeur de projets Pascal

Sheet POINT BUDGETAIRE
B1: GESTION DES OPERATIONS | H1: GOP-F18-V0 Rédigée le 27/09/2024 Page 1/1
B2: FICHE DE SUIVI BUDGETAIRE
E3: Choix du mois : | F3: 45809
A4: A-DONNEES DU PROJET | G4: Durée : | H4: 24 mois
A5: Projet | C5: : | D5: CONTRAT DE PRESTATION/PMO-ADEOTI
A6: N° Marché | C6: : | D6: 027/06/CJ/PDG/2023
A7: Montant Marché | C7: : | D7: =1287900000+39831959 -> 1327731959 | F7: FCFA
A9: B- SITUATION BUDGETAIRE
A10: Montant Facturé | E10: : | F10: =IFERROR(_xlfn.XLOOKUP($F$3,#REF!,#REF!),0) -> 0
A11: Montant cumulé facturé | E11: : | F11: =IFERROR(_xlfn.XLOOKUP($F$3,#REF!,#REF!),0) -> 0
A13: Dépenses prévisionnelles du mois | E13: : | F13: =IFERROR(_xlfn.XLOOKUP($F$3,#REF!,#REF!),0) -> 0
A14: Dépenses cumulées prévisionnelles à fin du mois | E14: : | F14: =IFERROR(_xlfn.XLOOKUP($F$3,#REF!,#REF!),0) -> 0
A15: Dépenses réalisées du mois | E15: : | F15: =IFERROR(_xlfn.XLOOKUP($F$3,#REF!,#REF!),0) -> 0
A16: Dépenses cumulées réelles à fin du mois | E16: : | F16: =IFERROR(_xlfn.XLOOKUP($F$3,#REF!,#REF!),0) -> 0
D17: Ecart (Prévu cumulé - Réalisé cumulé) | E17: : | F17: =+F14-F16 -> 0
A18: Commentaires : | C18: R.A.S
C20: Respect Budget : | D20: TRUE | E20: Oui | F20: FALSE | G20: Non
A22: C- ANALYSE GRAPHIQUE
A23: AVANCEMENT GLOBAL
A34: ECART (PREVU-REALISE)
A46: =+#REF! -> #REF! | E46: =+#REF! -> #REF!
A57: =+#REF! -> #REF!
E58: Légende :
F59: : Dépenses prévisionnelles mensuelles
F60: : Dépenses réalisées mensuelles
F61: : Cumuls dépenses prévisionnelles
F62: : Cumuls dépenses réalisées

Sheet POINT BUDGETAIRE1
B1: GESTION DES OPERATIONS | H1: GOP-P06-…...… Rédigée le _____ Page 1/1
B2: FICHE DE SUIVI BUDGETAIRE
E3: MOIS : | F3: 45536
A4: A-DONNEES DU PROJET | G4: Durée : | H4: 24 mois
A5: Projet | C5: : | D5: CONTRAT DE PRESTATION/PMO-ADEOTI
A6: N° Marché | C6: : | D6: 027/06/CJ/PDG/2023
A7: Montant Marché | C7: : | D7: =1287900000+39831959 -> 1327731959 | F7: FCFA
A9: B- SITUATION BUDGETAIRE
A10: Montant Facturé | E10: : | F10: =IFERROR(_xlfn.XLOOKUP($F$3,BUDGET!$N$124:$N$148,BUDGET!$W$124:$W$148),0) -> 0
A11: Montant cumulé facturé | E11: : | F11: =IFERROR(_xlfn.XLOOKUP($F$3,BUDGET!$N$124:$N$148,BUDGET!X124:X148),0) -> 0
A13: Dépenses prévisionnelles du mois | E13: : | F13: =IFERROR(_xlfn.XLOOKUP($F$3,BUDGET!$N$124:$N$148,BUDGET!O124:O148),0) -> 0
A14: Dépenses cumulées prévisionnelles à fin du mois | E14: : | F14: =IFERROR(_xlfn.XLOOKUP($F$3,BUDGET!$N$124:$N$148,BUDGET!Q124:Q148),0) -> 0
A15: Dépenses réalisées du mois | E15: : | F15: =IFERROR(_xlfn.XLOOKUP($F$3,BUDGET!$N$124:$N$148,BUDGET!P124:P148),0) -> 0
A16: Dépenses cumulées réelles à fin du mois | E16: : | F16: =IFERROR(_xlfn.XLOOKUP($F$3,BUDGET!$N$124:$N$148,BUDGET!R124:R148),0) -> 0
D17: Ecart (Prévu cumulé - Réalisé cumulé) | E17: : | F17: =+F14-F16 -> 0
A18: Commentaires :
C20: Respect Budget : | D20: FALSE | E20: Oui | F20: FALSE | G20: Non
A22: C- ANALYSE GRAPHIQUE
A23: AVANCEMENT GLOBAL
A37: ECART (PREVU-REALISE)
A49: =+[1]DONNEES!A30 -> AVANCEMENT POSTE 700 : REMUNERATIONS PRESTATAIRES | E49: =+[1]DONNEES!G30 -> AVANCEMENT POSTE 300 : MATIERES ET FOURNITURES CONSOMMABLES
A60: =+[1]DONNEES!M30 -> CONSOMMATION DE CARBURANT

Sheet ANALYSE GRAPHIQUE GENERALE
A1: SUIVI GRAPHIQUE DE L'AVANCEMENT BUDGETAIRE DU CHANTIER ADEOTI
K35: Montant cumulé prévisionnel Jusqu'en Septembre 2024 : | N35: =BUDGET!Q139 -> 0 | O35: Montant cumulé réalisé jusqu'en Septembre 2024 : | Q35: =BUDGET!R139 -> 0 | R35: Ecart globale : | S35: =N35-Q35 -> 0 | T35: %Avanc. | U35: =+Q35/BUDGET!$H$117 -> #DIV/0!
A37: EVOLUTION DES MARGES BUDGETAIRES DU CHANTIER ADEOTI
A58: ANALYSE DE L'AVANCEMENT BUDGETAIRE DU CHANTIER ADEOTI POSTE PAR POSTE
A77: Analyse : Nous devons équiper les bureaux des amoires tels que precrit par la certification, tableau, etc… | H77: Analyse : R.A.S | O77: Analyse : Nous observons un gros gain au mois d'Août en consomation de carburant dû aux congés de Jean Bosco et à l'arrêt temporaire du véhicule de M. Touré
A95: Analyse : Le gain est dû au fait que les gardiens initialement prévus chez les prestataires ne sont pas encore mobilisés | H95: Analyse : R.A.S | O95: Analyse : Le gain s'augmente par rapport au salaire de M. Touré qui n'est plus pris en compte sur les mois de Juillet, Août et Septembre
A113: Analyse : Rénumération des prestataires AXIAL (Ingénieur structure), SIREX (Hydraulicien) et du chauffeur de Jean Bosco non initialement prévue | H113: Analyse : Gain dû à la démobilisation des assistants pour les chantiers des bâtiments | O113: Analyse : Gain dû à la réduction des missions du Directeur des Opérations
A131: Analyse : R.A.S

Sheet BUDGET
E2: GERER LE SECRETARIAT GENERAL | P2: GSG-F23-V0 22/07/2024
E3: BUDGET DU PROJET ADEOTI
B4: Mise à jour du : | C4: =TODAY() -> 45895
B6: POSTE | C6: LIGNES BUDGETAIRES | D6: UNITES | E6: QTE | F6: BUDGET PREVISIONNEL INITIAL | H6: BUDGET PREVISIONNEL ACTUEL | J6: ECART(INITIAL-ACTUEL) | L6: BUDGET REALISE | N6: 45108 | Q6: =EDATE(N6,1) -> 45139 | T6: =EDATE(Q6,1) -> 45170 | W6: =EDATE(T6,1) -> 45200 | Z6: =EDATE(W6,1) -> 45231 | AC6: =EDATE(Z6,1) -> 45261 | AF6: =EDATE(AC6,1) -> 45292 | AI6: =EDATE(AF6,1) -> 45323 | AL6: =EDATE(AI6,1) -> 45352 | AO6: =EDATE(AL6,1) -> 45383 | AR6: =EDATE(AO6,1) -> 45413 | AU6: =EDATE(AR6,1) -> 45444 | AX6: =EDATE(AU6,1) -> 45474 | BA6: =EDATE(AX6,1) -> 45505 | BD6: =EDATE(BA6,1) -> 45536 | BG6: =EDATE(BD6,1) -> 45566 | BJ6: =EDATE(BG6,1) -> 45597 | BM6: =EDATE(BJ6,1) -> 45627 | BP6: =EDATE(BM6,1) -> 45658 | BS6: =EDATE(BP6,1) -> 45689 | BV6: =EDATE(BS6,1) -> 45717 | BY6: =EDATE(BV6,1) -> 45748 | CB6: =EDATE(BY6,1) -> 45778 | CE6: =EDATE(CB6,1) -> 45809
N7: =N6 -> 45108 | O7: =N6 -> 45108 | P7: =N6 -> 45108 | Q7: =Q6 -> 45139 | R7: =Q6 -> 45139 | S7: =Q6 -> 45139 | T7: =T6 -> 45170 | U7: =T6 -> 45170 | V7: =T6 -> 45170 | W7: =W6 -> 45200 | X7: =W6 -> 45200 | Y7: =W6 -> 45200 | Z7: =Z6 -> 45231 | AA7: =Z6 -> 45231 | AB7: =Z6 -> 45231 | AC7: =AC6 -> 45261 | AD7: =AC6 -> 45261 | AE7: =AC6 -> 45261 | AF7: =AF6 -> 45292 | AG7: =AF6 -> 45292 | AH7: =AF6 -> 45292 | AI7: =AI6 -> 45323 | AJ7: =AI6 -> 45323 | AK7: =AI6 -> 45323 | AL7: =AL6 -> 45352 | AM7: =AL6 -> 45352 | AN7: =AL6 -> 45352 | AO7: =AO6 -> 45383 | AP7: =AO6 -> 45383 | AQ7: =AO6 -> 45383 | AR7: =AR6 -> 45413 | AS7: =AR6 -> 45413 | AT7: =AR6 -> 45413 | AU7: =AU6 -> 45444 | AV7: =AU6 -> 45444 | AW7: =AU6 -> 45444 | AX7: =AX6 -> 45474 | AY7: =AX6 -> 45474 | AZ7: =AX6 -> 45474 | BA7: =BA6 -> 45505 | BB7: =BA6 -> 45505 | BC7: =BA6 -> 45505 | BD7: =BD6 -> 45536 | BE7: =BD6 -> 45536 | BF7: =BD6 -> 45536 | BG7: =BG6 -> 45566 | BH7: =BG6 -> 45566 | BI7: =BG6 -> 45566 | BJ7: =BJ6 -> 45597 | BK7: =BJ6 -> 45597 | BL7: =BJ6 -> 45597 | BM7: =BM6 -> 45627 | BN7: =BM6 -> 45627 | BO7: =BM6 -> 45627 | BP7: =BP6 -> 45658 | BQ7: =BP6 -> 45658 | BR7: =BP6 -> 45658 | BS7: =BS6 -> 45689 | BT7: =BS6 -> 45689 | BU7: =BS6 -> 45689 | BV7: =BV6 -> 45717 | BW7: =BV6 -> 45717 | BX7: =BV6 -> 45717 | BY7: =BY6 -> 45748 | BZ7: =BY6 -> 45748 | CA7: =BY6 -> 45748 | CB7: =CB6 -> 45778 | CC7: =CB6 -> 45778 | CD7: =CB6 -> 45778 | CE7: =CE6 -> 45809 | CF7: =CE6 -> 45809 | CG7: =CE6 -> 45809
F8: TOTAL LIGNE BUDGET PREVISIONNEL | G8: % BUDGET PREVISIONNEL | H8: TOTAL LIGNE BUDGET PREVISIONNEL | I8: % BUDGET PREVISIONNEL | J8: TOTAL LIGNE BUDGET PREVISIONNEL | L8: TOTAL BUDGET REALISE | M8: % BUDGET REALISE | N8: Prévisionel | O8: Réalisé | P8: Ecart | Q8: Prévisionel | R8: Réalisé | S8: Ecart | T8: Prévisionel | U8: Réalisé | V8: Ecart | W8: Prévisionel | X8: Réalisé | Y8: Ecart | Z8: Prévisionel | AA8: Réalisé | AB8: Ecart | AC8: Prévisionel | AD8: Réalisé | AE8: Ecart | AF8: Prévisionel | AG8: Réalisé | AH8: Ecart | AI8: Prévisionel | AJ8: Réalisé | AK8: Ecart | AL8: Prévisionel | AM8: Réalisé | AN8: Ecart | AO8: Prévisionel | AP8: Réalisé | AQ8: Ecart | AR8: Prévisionel | AS8: Réalisé | AT8: Ecart | AU8: Prévisionel | AV8: Réalisé | AW8: Ecart | AX8: Prévisionel | AY8: Réalisé | AZ8: Ecart | BA8: Prévisionel | BB8: Réalisé | BC8: Ecart | BD8: Prévisionel | BE8: Réalisé | BF8: Ecart | BG8: Prévisionel | BH8: Réalisé | BI8: Ecart | BJ8: Prévisionel | BK8: Réalisé | BL8: Ecart | BM8: Prévisionel | BN8: Réalisé | BO8: Ecart | BP8: Prévisionel | BQ8: Réalisé | BR8: Ecart | BS8: Prévisionel | BT8: Réalisé | BU8: Ecart | BV8: Prévisionel | BW8: Réalisé | BX8: Ecart | BY8: Prévisionel | BZ8: Réalisé | CA8: Ecart | CB8: Prévisionel | CC8: Réalisé | CD8: Ecart | CE8: Prévisionel | CF8: Réalisé | CG8: Ecart
B9: 100 | C9: MATERIEL ET MOBILER
B10: 101 | C10: Equipement Bureau/Chantier | D10: Unité | E10: 4
B11: 102 | C11: Equipement logements | D11: Unité | E11: 4
B12: 103 | C12: Equipement informatique | D12: Unité | E12: 1
C13: Sous-Total Poste 100
B15: 200 | C15: MATERIEL DE TRANSPORT
B16: 201 | C16: Véhicule Directeur de projets Pascal | D16: Unité | E16: 1
B17: 202 | C17: Véhicule affecté à Mr AMINE | D17: Unité | E17: 1
B18: 203 | C18: Véhicule affecté à Mr EVINA | D18: Unité | E18: 1
B19: 204 | C19: Véhicule affecté à Mr Jean Bosco | D19: Unité | E19: 1
C20: Sous-Total Poste 200
B22: 300 | C22: MATIERES ET FOURNITURES CONSOMMABLES
B23: 301 | C23: Produits, matériels d'entretiens et Consommables | D23: Mois | E23: 24
B24: 302 | C24: Fournitures de bureau et Consommables | D24: Mois | E24: 24
B25: 303 | C25: Dotation carburant voiture Mr Pascal | D25: Mois | E25: 24
B26: 304 | C26: Dotation carburant voiture Mr AMINE | D26: Mois | E26: 24
B27: 305 | C27: Dotation carburant voiture Mr EVINA | D27: Mois | E27: 24
B28: 306 | C28: Dotation carburant voiture Mr Jean Bosco | D28: Mois | E28: 24
B29: 307 | C29: Dotation carburant voiture Mr TOURE | D29: Mois | E29: 24
B30: 308 | C30: Dotation carburant voiture Mr Kévin | D30: Mois | E30: 24
B31: 309 | C31: Carburant groupe électrogène Bureau | D31: Mois | E31: 22
B32: 310 | C32: SONEB Bureau | D32: Mois | E32: 24
B33: 311 | C33: SONEB Domicile | D33: Mois | E33: 24
B34: 312 | C34: SBEE Bureau | D34: Mois | E34: 24
B35: 313 | C35: SBEE Domicile | D35: Mois | E35: 24
C36: Sous-Total Poste 300
B38: 400 | C38: ACHAT DE PRESTATIONS DE SERVICES
B39: 401 | C39: Prestation d'étude de service et entretien de Bureau | D39: Mois | E39: 24
B40: 402 | C40: Prestation de gardienage Bureau | D40: Mois | E40: 24
B41: 403 | C41: Prestation de gardienage Nati | D41: Mois | E41: 24
B42: 404 | C42: Prestation de gardienage appartement EVINA | D42: Mois | E42: 24
B43: 405 | C43: Prestation de gardienage appartement Jean Bosco | D43: Mois | E43: 24
B44: 406 | C44: Prestation de gardienage appartement AMINE | D44: Mois | E44: 24
C45: Sous-Total Poste 400
B47: 500 | C47: VOYAGES ET DEPLACEMENTS
B48: 501 | C48: Invitations et déplacements | D48: Mois | E48: 24
B49: 502 | C49: Frais d'envoi de colis | D49: Mois | E49: 24
B50: 503 | C50: Billets d'avion | D50: Mois | E50: 22
C51: Sous-Total Poste 500
B53: 600 | C53: SERVICES EXTERIEURS
B54: 601 | C54: Dotation Internet | D54: Mois | E54: 24
B55: 602 | C55: Caution sur loyer
B56: 603 | C56: Location de bureau SDP Parakou | D56: Mois | E56: 24
B57: 604 | C57: Location logement AMINE | D57: Mois | E57: 24
B58: 605 | C58: Location logement EVINA | D58: Mois | E58: 24
B59: 606 | C59: Location logement Jean Bosco | D59: Mois | E59: 24
B60: 607 | C60: Location maison Natitingou | D60: Mois | E60: 24
B61: 608 | C61: Logement Mr TOURE | D61: Mois | E61: 24
B62: 609 | C62: Casier judiciaire | D62: Mois | E62: 24
B63: 610 | C63: Permis de travail | D63: Mois | E63: 24
B64: 611 | C64: Frais de carte de séjour et divers | D64: Mois | E64: 24
B65: 612 | C65: Entretiens réparations et maintenance divers | D65: Mois | E65: 24
B66: 613 | C66: Entretien des Véhicules | D66: Mois | E66: 24
B67: 614 | C67: Assurance véhicules | D67: Mois | E67: 24
... B69: 616 | C69: Entretien Groupe electrogène Bureau (21 - 100 kva) | D69: Unité | E69: 1
C70: Sous-Total Poste 600
B72: 700 | C72: REMUNERATIONS PRESTATAIRES
B73: 701 | C73: Avances
B74: 702 | C74: Autres honoraires/rémunérations | D74: Unité | E74: 1
B75: 703 | C75: Rémunération/Audit diagnostic et restructuration Consultant Innov plus | D75: Unité | E75: 1
B76: 704 | C76: Rémunération/Audit diagnostic et restructuration Consultant RH | D76: Unité | E76: 1
B77: 705 | C77: Rémunération ingénieur structure (Axial contrat + avenant) | D77: Unité | E77: 1
B78: 706 | C78: Rémunération/Audit diagnostic et restructuration Consultant métrologie | D78: Unité | E78: 1
B79: 707 | C79: Rémunération/Elaboration projet d'exécution Ingénieur TOPO | D79: Unité | E79: 1
B80: 708 | C80: Rémunération/Elaboration projet d'exécution Ingénieur Hydraulicien (Kali concept) | D80: Unité | E80: 1
B81: 709 | C81: Rémunération/Elaboration projet d'exécution Ingénieur Hydraulicien (SIREX) | D81: Unité | E81: 1
B82: 710 | C82: Rémunération Consultants Honoraire Directeur de projet Mr Pascal GUIDI | D82: Mois | E82: 24
B83: 711 | C83: Rémunération Directeur de projet TOURE | D83: Mois | E83: 24
B84: 712 | C84: Rémunération Consultants Honoraire Directeur Travaux Mr AMINE ALIANE | D84: Mois | E84: 23
B85: 713 | C85: Rémunération Consultants Honoraire Ingénieur Geotech - Responsable QHSE Jean Bosco | D85: Mois | E85: 23
... B90: 718 | C90: Rémunération Chauffeur Ingénieur Suivi Budget Plannification Jeannot ADOSSOU | D90: Mois | E90: 24
C91: Sous-Total Poste 700
B93: 800 | C93: REMUNERATIONS PERSONNEL INTERIMAIRE
B94: 801 | C94: Prime d'installation des Ingénieurs Juniors | D94: Unité | E94: 6
B95: 802 | C95: Prime de stage | D95: Unité | E95: 6
B96: 803 | C96: Rémunération Ingénieur qualité junior Arel | D96: Mois | E96: 24
B97: 804 | C97: Rémunération Métreur Junior Aubénas | D97: Mois | E97: 24
B98: 805 | C98: Rémunération Ingénieur suivi budget junior Kisito | D98: Mois | E98: 24
B99: 806 | C99: Rémunération Ingénieur qualité junior Mr Wilfrid | D99: Mois | E99: 24
B100: 807 | C100: Rémunération Assistante de Bureau Hermine AFFO | D100: Mois | E100: 24
B101: 808 | C101: Rémunération Ingénieur Suivi Budget junior Kévin | D101: Mois | E101: 24
B102: 809 | C102: Charges salariales | D102: Mois | E102: 25
C103: Sous-Total Poste 800
B105: 900 | C105: MISSIONS
B106: 901 | C106: Frais de mission Directeur de Projet Mr GUIDI | D106: Mois | E106: 24
B107: 902 | C107: Frais de mission encadrements | D107: Mois | E107: 24
B108: 903 | C108: Frais de mission Chauffeur Directeur projet | D108: Mois | E108: 24
B109: 904 | C109: Frais de mission Chauffeurs | D109: Mois | E109: 24
C110: Sous-Total Poste 900
B112: 1000 | C112: IMPÔTS ET TAXES
B113: 1001 | C113: Droits d'enregistrement des Contrats | D113: Unité | E113: 1
B114: 1002 | C114: Diverses pénalités | D114: Unité | E114: 1
C115: Sous-Total Poste 1000
B117: TOTAL | F117: =SUM(F10:F115)/2 -> 0 | G117: =+F117/$H$117 -> #DIV/0! | H117: =SUM(H10:H115)/2 -> 0 | I117: =+H117/$H$117 -> #DIV/0! | J117: =SUM(J10:J115)/2 -> 0 | L117: =SUM(L9:L116)/2 -> 0 | M117: =L117/H117 -> #DIV/0! | N117: =SUM(N10:N115)/2 -> 0 | O117: =SUM(O10:O115)/2 -> 0 | P117: =SUM(P10:P115)/2 -> 0 | Q117: =SUM(Q10:Q115)/2 -> 0 | R117: =SUM(R10:R115)/2 -> 0 | S117: =SUM(S10:S115)/2 -> 0 | T117: =SUM(T10:T115)/2 -> 0 | U117: =SUM(U10:U115)/2 -> 0 | ... CG117: =SUM(CG10:CG115)/2 -> 0
...

Sheet Feuil1
A3: Étiquettes de lignes | B3: Somme de MONTANT
A4: Autres Honoraires/Rémunérations | B4: 3810000
A5: Charges salariales | B5: 411422
A6: Dotation Internet | B6: 162112
A7: Entretien des Véhicules | B7: 110848
A8: Equipement logements | B8: 4237
A9: Fournitures de bureau et Consommables | B9: 252750
A10: Frais de mission Chauffeurs | B10: 125000
A11: Frais de mission encadrements | B11: 120000
A12: Frais d'envoi de colis | B12: 3390
A13: Honoraire Directeur de projet Mr Pascal GUIDI | B13: 3165100
A14: Honoraire Ingénieur Geotech - Responsable QHSE Jean Bosco | B14: 1939900
A15: Honoraire Ingénieur Suivi Budget Plannification Mr EVINA | B15: 2042000
... A34: Total général | B34: 15765802
